 Dungeon Crawl Stone Soup version 0.30.0-30-g96aa6591b8 (webtiles) character file.

Game seed: 16932558576148500041

164 DemonSlayer the Digger (level 5, 0/36 HPs)
             Began as a Demonspawn Earth Elementalist on June 28, 2023.
             Slain by an orc priest
             ... wielding a +0 flail
              (8 damage)
             ... on level 4 of the Dungeon.
             The game lasted 00:07:55 (3596 turns).

DemonSlayer the Digger (DsEE)                       Turns: 3596, Time: 00:07:55

Health: 0/36       AC:  2    Str: 15    XL:     5   Next: 21%
Magic:  0/9        EV: 14    Int: 18    God:
Gold:   192        SH:  4    Dex: 13    Spells: 4/10 levels left

rFire   + . .        l - +0 rapier
rCold   + . .        (no shield)
rNeg    . . .        a - +0 robe
rPois   +            (no helmet)
rElec   +            (no cloak)
rCorr   +            (no gloves)
SInv    .            (no boots)
Will    .....        i - amulet of guardian spirit
Stlth   ++           t - +6 ring of strength
HPRegen 0.26/turn    (no ring)
MPRegen 0.22/turn

%: guardian spirit
@: brilliant, resistant, flying
A: repulsion field 1, magic regeneration, condensation shield
a: no special abilities


You were on level 4 of the Dungeon.
You visited 1 branch of the dungeon, and saw 4 of its levels.

You collected 192 gold pieces.

Inventory:

Hand Weapons
 c - a +0 dagger
 l - a +0 rapier (weapon)
Armour
 a - a +0 robe (worn)
Jewellery
 i - an amulet of guardian spirit (around neck)
 t - a +6 ring of strength (left hand)
Scrolls
 d - a scroll of amnesia
 g - a scroll of noise
 k - 2 scrolls of identify
 q - a scroll of enchant weapon {unknown}
 r - a scroll of poison {unknown}
 s - a scroll of blinking {unknown}
 v - a scroll of immolation {unknown}
Potions
 e - a potion of lignification {unknown}
 h - a potion of berserk rage {unknown}
 j - a potion of degeneration {unknown}


   Skills:
 + Level 0.4 Fighting
 + Level 0.2 Short Blades
 + Level 2.3 Dodging
 + Level 2.3 Stealth
 + Level 0.1 Shields
 + Level 3.1 Spellcasting
 + Level 1.0 Transmutations
 + Level 4.0 Earth Magic


You had 4 spell levels left.
You knew the following spells:

 Your Spells              Type           Power      Damage    Failure   Level
a - Sandblast             Erth           52%        2d12      3%          1
b - Passwall              Tmut/Erth      14%        N/A       9%          2
c - Stone Arrow           Conj/Erth      30%        3d8       22%         3

Your spell library contained the following spells:

 Spells                   Type           Power      Damage    Failure   Level
 Wereblood                Tmut           9%         N/A       16%         2
 Lesser Beckoning         Tloc           8%         N/A       24%         2
 Scorch                   Fire           8%         2d5       24%         2
 Sublimation of Blood     Necr           4%         N/A       24%         2
 Gell's Gravitas          Tloc           4%         N/A       43%         3
 Teleport Other           Tloc           4%         N/A       43%         3
 Petrify                  Tmut/Erth      17%        N/A       50%         4
 Flame Wave               Conj/Fire      4%         2d5       85%         4
 Summon Cactus Giant      Summ           2%         N/A       100%        6
 Summon Hydra             Summ           2%         N/A       100%        7


Dungeon Overview and Level Annotations

Branches:
Dungeon (4/15)
 Temple: D:4-7

Altars:
Hepliaklqana
Nemelex Xobeh

Shops:
D:1 *

Annotations:
D:2 Terence


Innate Abilities, Weirdness & Mutations

You are surrounded by a mild repulsion field. (EV +2)
You regenerate magic rapidly.
A meltable shield of frost defends you. (SH +4)


Message History

The orc barely misses you.
You miscast Sandblast.
You are very lightly contaminated with residual magic.
Nothing appears to happen.
The orc closely misses you.
The blast of sand hits the orc but does no damage.
The orc is heavily wounded.
The orc priest hits you with a +0 flail.
The orc barely misses you. The orc priest misses you. The orc misses you.
You are out of magic!
You are out of magic!
It was a potion of brilliance.
You feel clever all of a sudden.
The orc priest mumbles some strange prayers to Beogh against you.
Beogh smites you! You block the orc's attack.
It was a potion of flight.
You feel very buoyant.
You fly up into the air.
The orc priest looks satisfied for a moment.
The orc closely misses you.
It was a potion of resistance.
You feel protected. The orc priest closely misses you.
The orc closely misses you.
As you read the scroll labelled FUJOGI UXUAP, it crumbles to dust.
It is a scroll of identify.
d - a scroll of amnesia The orc priest hits you but does no damage.
The orc misses you.
As you read the scroll labelled BYSUAFEAPT, it crumbles to dust.
You hear a loud clanging noise!
It was a scroll of noise.
The orc priest mumbles some strange prayers to Beogh against you.
You barely resist. The orc hits you with a +0 war axe!
* * * LOW HITPOINT WARNING * * *
Your magical contamination has completely faded away.
Unknown command.
Unknown command.
As you read the scroll labelled ZEUZOG RUGYSAD, it crumbles to dust.
You feel aware of your surroundings.
It was a scroll of magic mapping.
The orc priest hits you with a +0 flail!
You die...

................,,,,,*
...#..##########.#**,*
..###.#
**#.###,************
.†.#..#
*,.....,,,,,,,,,,,,,
.#...##
*,#.#.#,,,,,,,,,,***
.##..#
*,#.#.#**,#*****,*
.##..# *,#o#.# *># *,*
.##..#### *,#o#.#*#.##
*,* ###.....#
*,#@#.##...#* *,*
....###.#
#.#.o.#...>.** *,*
###.# #.#
#.#..#......,***,*
###.# #.#
#.#.........,,,,,*
.†..# #.#
#.##.#......,**,,**
##### #.#
#.##.##.....***,,,*
#.# #.#...##...#*
*,*,* #.#
##.††......## *,*,*
#.#
##...†....###****,*,*


You could see an orc priest and 2 orcs.

Vanquished Creatures
  An iguana (D:4)
  4 gnolls (D:4)
  2 worms
  3 dart slugs
  3 orcs (D:4)
  5 ball pythons
  3 bats
  4 endoplasms
  2 giant cockroaches
  9 goblins
  8 hobgoblins
  7 jackals (D:4)
  11 kobolds
  4 quokkas
  6 frilled lizards
  7 rats
79 creatures vanquished.

Notes
Turn   | Place    | Note
-------+----------+-------------------------------------------
     0 | D:1      | DemonSlayer the Demonspawn Earth Elementalist began the
                  | quest for the Orb.
     0 | D:1      | Reached XP level 1. HP: 13/13 MP: 3/3
   189 | D:1      | Reached skill level 3 in Earth Magic
   240 | D:1      | Gained mutation: A meltable shield of frost defends you.
                  | (SH +4) [demonic ancestry]
   240 | D:1      | Reached XP level 2. HP: 16/19 MP: 0/5
   259 | D:1      | Reached skill level 1 in Transmutations
   552 | D:1      | Found Femnun's General Store.
   948 | D:1      | Learned a level 2 spell: Passwall
  1105 | D:2      | Reached XP level 3. HP: 24/24 MP: 4/6
  1249 | D:2      | Noticed Terence
  1535 | D:3      | Found a sparkling altar of Nemelex Xobeh.
  1536 | D:3      | Found a hazy altar of Hepliaklqana.
  1907 | D:3      | Learned a level 3 spell: Stone Arrow
  2011 | D:3      | Gained mutation: You regenerate magic rapidly. [demonic
                  | ancestry]
  2011 | D:3      | Reached XP level 4. HP: 25/30 MP: 3/7
  3031 | D:4      | HP: 1/30 [orc/+0 war axe (7)]
  3536 | D:4      | Reached skill level 4 in Earth Magic
  3536 | D:4      | Gained mutation: You are surrounded by a mild repulsion
                  | field. (EV +2) [demonic ancestry]
  3536 | D:4      | Reached XP level 5. HP: 30/35 MP: 3/9
  3596 | D:4      | Slain by an orc priest

Illustrated notes

Levels and vault maps discovered:
D:1:      shiori_angband_town, layout_loops_ring, serial_shops,
          nicolae_shop_pleasant_corner_grove
D:2:      layout_loops_ring, uniq_terence, uniq_crazy_yiuf_cottage
D:3:      layout_basic, nicolae_overflow_squiral, minmay_between
D:4:      layout_loops_ring, minmay_misc_feat_plants

Skill      XL: |  1  2  3  4 |
---------------+-------------+-----
Earth Magic    | 3 4 |  4.0
Dodging        | 2 |  2.3
Transmutations | 1 |  1.0
Stealth        | 2 |  2.3
Spellcasting   | 3 |  3.1
Fighting       | |  0.4
Short Blades   | |  0.2
Shields        | |  0.1

Action                     |  1- 3 |  4- 6 || total
---------------------------+-------+-------++-------
  Melee: Dagger            |    17 |       ||    17
         Rapier            |    32 |     3 ||    35
   Cast: Sandblast         |    57 |    57 ||   114
    Use: Potion            |       |     7 ||     7
         Scroll            |       |     4 ||     4
   Stab: Sleeping          |     8 |       ||     8
 Armour: Robe              |    18 |     5 ||    23
  Dodge: Dodged            |    42 |    50 ||    92
  Block: Other             |    15 |     4 ||    19
